 Dungeon Crawl Stone Soup version 0.18.1-5-g4a78601 (webtiles) character file.

5 Implojin the Insei (level 1, -1/18 HPs)
             Began as a Mummy Monk on May 13, 2016.
             Slain by a dart slug (2 damage)
             ... on level 1 of the Dungeon on May 14, 2016.
             The game lasted 00:01:06 (164 turns).

Implojin the Insei (Mummy Monk)                      Turns: 164, Time: 00:01:07

Health: -1/18      AC:  0    Str: 14    XL:     1   Next: 66%
Magic:  1/1        EV: 13    Int:  9    God:
Gold:   0          SH:  0    Dex: 14    Spells: 0 memorised, 0 levels left

rFire  x . .     SeeInvis .       - Unarmed
rCold  + . .     Gourm    .     (no armour)
rNeg   + + +     Faith    .     (no shield)
rPois  ∞         Spirit   .     (no helmet)
rElec  .         Dismiss  .     (no cloak)
rCorr  .         Reflect  .     (no gloves)
SustAt .         Harm     .     (no boots)
MR     .....                    (no amulet)
Stlth  ++........               (no ring)
                                (no ring)

@: not resistant to hostile enchantments, unstealthy
A: no food or potions, fire vulnerability, cold resistance 1, negative energy
resistance 3, torment resistance, unbreathing
a: no special abilities


You were on level 1 of the Dungeon.
You were not hungry.

You visited 1 branch of the dungeon, and saw 1 of its levels.

Inventory:

Armour
 b - a +0 pair of gloves
Scrolls
 a - a scroll of amnesia {unknown}


   Skills:
 - Level 3.0 Fighting
 - Level 2.4 Dodging
 - Level 1.5 Stealth
 * Level 3.5 Unarmed Combat


You couldn't memorise any spells.
You didn't know any spells.

Dungeon Overview and Level Annotations

Branches:
Dungeon (1/15)

Altars:


Innate Abilities, Weirdness & Mutations

You do not eat or drink.
Your flesh is vulnerable to fire.
You are immune to poison.
Your flesh is cold resistant.
You are immune to negative energy.
You are immune to unholy pain and torment.
You can survive without breathing.


Message History

The bat barely misses you. The kobold hits you.
* * * LOW HITPOINT WARNING * * *
The bat closely misses you.
You see here a pair of gloves.
b - a pair of gloves The bat hits you.
* * * LOW HITPOINT WARNING * * *
The kobold throws a stone.
The stone closely misses you.
A ball python comes into view.
Found a scroll labeled AMEXIU WIEFE.
You hit the ball python.
The ball python is moderately wounded.
The ball python closely misses you. The ball python grabs you.
* * * LOW HITPOINT WARNING * * *
The ball python constricts you.
You hit the ball python.
You kill the ball python!
The bat completely misses you.
Unknown command.
The bat hits you.
* * * LOW HITPOINT WARNING * * *
The bat misses you. The bat hits you.
* * * LOW HITPOINT WARNING * * *
The bat closely misses you. The bat closely misses you.
The bat barely misses you.
You hit the bat.
You kill the bat!
You see here 18 bolts.
You see here a stone.
A kobold comes into view.
The kobold shouts!
The kobold hits you.
* * * LOW HITPOINT WARNING * * *
A bat comes into view.
You see here a ball python corpse.
You hit the dart slug.
The dart slug is heavily wounded.
The dart slug bites you.
You die...

#...............
#...##......####
#...##.....†# #. .
#...##...######. .
#...##.#.#...... #.
###.###.#........ # #.
#....g..#........
###.#.#####w#.###..†.######
#..K....#K@.#.....†..# ♣P.
..........####..(....# ♣.PP
#.....g######.g.....#♣PPPP
..........g..#..#....#..P.♣
.....##.####(#.......#..PP
?..# #.# #.........# ..
#.######.......# .
..#....!.#.(...#
..........#..##.#


You could see a dart slug, a goblin and a kobold.

Vanquished Creatures
  A ball python (D:1)
  A hobgoblin (D:1)
  2 bats (D:1)
  2 giant newts (D:1)
6 creatures vanquished.

Notes
Turn   | Place    | Note
--------------------------------------------------------------
     0 | D:1      | Implojin the Mummy Monk began the quest for the Orb.
     0 | D:1      | Reached XP level 1. HP: 18/18 MP: 1/1
   164 | D:1      | Slain by a dart slug

Action                   || total
-------------------------++-------
Melee: Unarmed           ||    12
 Stab: Sleeping          ||     1
Dodge: Dodged            ||    16

Table legend:
 A = Turns spent in this place as a percentage of turns spent in the entire game.
 B = Non-inter-level travel turns spent in this place as a percentage of non-inter-level travel turns spent in the entire game.
 C = Inter-level travel turns spent in this place as a percentage of turns spent in this place.
 D = Turns resting spent in this place as a percentage of non-inter-level travel turns spent in this place.
 E = Turns spent auto-exploring this place as a percentage of non-inter-level travel turns spent in this place.
 F = Non-inter-level travel turns spent in this place divided by the number of levels of this place that you've seen.
                   A       B       C       D       E      F
               +-------+-------+-------+-------+-------+----------------------
         Total | 100.0 | 100.0 |   0.0 |   4.3 |   3.2 |  94.0
       Dungeon | 100.0 | 100.0 |   0.0 |   4.3 |   3.2 |  94.0
               +-------+-------+-------+-------+-------+----------------------

Table legend:
 A = Kills in this place as a percentage of kills in entire the game.
 B = Kills by you in this place as a percentage of kills by you in the entire game.
 C = Kills by friends in this place as a percentage of kills by friends in the entire game.
 D = Other kills in this place as a percentage of other kills in the entire game.
 E = Experience gained in this place as a percentage of experience gained in the entire game.
 F = Experience gained in this place divided by the number of levels of this place that you have seen.
                   A       B       C       D       E      F
               +-------+-------+-------+-------+-------+----------------------
         Total | 100.0 | 100.0 |  -nan |  -nan | 100.0 |   8.0
       Dungeon | 100.0 | 100.0 |  -nan |  -nan | 100.0 |   8.0
               +-------+-------+-------+-------+-------+----------------------
